 Dungeon Crawl Stone Soup version 0.32-a0-886-g41c5271027 (webtiles) character file.

Game seed: 5330159655633109891

2054 pokeman the Thaumaturge (level 9, -4/49 HPs)
             Began as a Deep Elf Hedge Wizard on Apr 3, 2024.
             Was a Follower of Vehumet.
             Killed from afar by an orc wizard (10 damage)
             ... with a puff of flame
             ... on level 7 of the Dungeon.
             The game lasted 00:19:35 (6896 turns).

pokeman the Thaumaturge (Deep Elf Hedge Wizard)     Turns: 6896, Time: 00:19:35

Health: -4/49      AC:  4    Str: 11    XL:     9   Next: 5%
Magic:  9/25       EV: 12    Int: 24    God:    Vehumet [*.....]
Gold:   341        SH:  0    Dex: 14    Spells: 21/29 levels left

rFire   . . .        B - +6 sling of Mandamus {freeze, Str+4}
rCold   . . .        (no shield)
rNeg    . . .        b - +0 robe
rPois   .            c - +0 hat
rElec   .            (no cloak)
rCorr   .            p - +0 pair of gloves
SInv    .            a - +0 pair of boots
Will    .....        (no amulet)
Stlth   ++           (no ring)
HPRegen 0.28/turn    (no ring)
MPRegen 0.19/turn

%: no passive effects
@: no status effects
A: no striking features
a: Renounce Religion


You were on level 7 of the Dungeon.
You worshipped Vehumet.
Vehumet was aware of your devotion.
You visited 2 branches of the dungeon, and saw 8 of its levels.

You collected 341 gold pieces.

Inventory:

Hand Weapons
 x - a +1 whip of draining
 B - the +6 sling of Mandamus (weapon) {freeze, Str+4}
   (You took it off an orc on level 5 of the Dungeon)

   Str+4:     It affects your strength (+4).
Armour
 a - a +0 pair of boots (worn)
 b - a +0 robe (worn)
 c - a +0 hat (worn)
 h - a scarf of shadows
 m - an orb of energy
 p - a +0 pair of gloves (worn)
 I - a +0 robe of willpower
Magical Staves
 i - a staff of fire
 t - a staff of cold
Jewellery
 G - a ring of ice
Scrolls
 f - a scroll of vulnerability {unknown}
 k - 2 scrolls of identify {unknown}
 l - 3 scrolls of teleportation {unknown}
 n - 2 scrolls of immolation {unknown}
 r - a scroll of summoning {unknown}
 u - 2 scrolls of torment {unknown}
 v - a scroll of fog {unknown}
 w - a scroll of fear {unknown}
 y - a scroll of enchant armour {unknown}
 C - a scroll of noise {unknown}
 F - a scroll of revelation {unknown}
 H - a scroll of blinking {unknown}
Potions
 d - a potion of magic
 e - 5 potions of attraction {unknown}
 g - 3 potions of enlightenment {unknown}
 j - 2 potions of brilliance {unknown}
 o - a potion of resistance {unknown}
 q - 2 potions of heal wounds {unknown}
 s - a potion of haste {unknown}
 z - a potion of mutation {unknown}
 A - a potion of degeneration {unknown}
 D - 3 potions of lignification {unknown}
 E - a potion of invisibility {unknown}


   Skills:
 - Level 2.5 Fighting
 + Level 2.8 Armour
 - Level 3.0 Dodging
 - Level 3.0 Stealth
 * Level 10.7 Spellcasting
 + Level 5.6 Conjurations
 - Level 1.1 Summonings
 - Level 1.1 Translocations
 - Level 1.0 Fire Magic
 + Level 4.8 Ice Magic
 - Level 1.0 Air Magic
 - Level 1.0 Alchemy
 - Level 1.0 Evocations


You had 21 spell levels left.
You knew the following spells:

 Your Spells              Type           Power      Damage    Failure   Level
a - Magic Dart            Conj           100%       1d8       1%          1
b - Mephitic Cloud        Conj/Alch/Air  25%        N/A       4%          3
c - Call Imp              Summ           36%        N/A       4%          2
d - Blink                 Tloc           36%        N/A       4%          2

Your spell library contained the following spells:

 Spells                   Type           Power      Damage    Failure   Level
 Sandblast                Erth           24%        2d8       4%          1
 Static Discharge         Conj/Air       58%        3-6/arc   1%          2
 Slow                     Hex            48%        N/A       4%          1
 Cigotuvi's Dreadful Rot  Necr/Alch/Air  32%        N/A       5%          2
 Airstrike                Air            9%         2d(2-18)  30%         4
 Summon Lightning Spire   Summ/Air       18%        N/A       30%         4


Dungeon Overview and Level Annotations

Branches:
Dungeon (7/15)             Temple (1/1) D:5

Altars:
Ashenzari
Elyvilon
Fedhas
Gozag
Hepliaklqana
Kikubaaqudgha
Makhleb
Nemelex Xobeh
Okawaru
Ru
Sif Muna
Trog
Vehumet
Wu Jian
Yredelemnul
Zin

Portals:
Bailey: D:7


Message History

The sling bullet freezes the orc warrior.
The orc warrior is moderately wounded.
The orc warrior seems less confused.
The goblin is engulfed in noxious fumes.
The goblin appears confused.
The goblin screams, "NO!
I can't bear this much noise."
The goblin is engulfed in noxious fumes.
The goblin appears confused.
Casting: Mephitic Cloud (dangerous; 4% risk of failure)
Confirm with . or Enter, or press ? or * to list all spells.
You blink.
The goblin is engulfed in noxious fumes.
The goblin appears confused.
The goblin barely misses you.
Something says, "Why is everything spinning?"
Unknown command.
Found an escape hatch in the floor.
You hear the steady creaking of a portcullis.
The goblin is engulfed in noxious fumes.
The goblin appears confused.
The goblin is engulfed in noxious fumes.
The goblin appears confused.
The goblin is engulfed in noxious fumes.
The goblin appears confused.
The goblin says, "Why is everything spinning?"
The orc warrior curses noisily.
A magic dart appears from out of thin air!
The magic dart hits you.
* * * LOW HITPOINT WARNING * * *
The orc warrior is engulfed in noxious fumes.
The orc warrior appears confused.
You enter the shallow water.
Moving in this stuff is going to be slow.
Found a flagged portal.
You feel ready to blink again.
An orc comes into view. It is wielding a +0 club.
The orc warrior shouts, "NO!"
You hear some strange, mumbled words.
A puff of flame appears from out of thin air!
The puff of flame hits you!
You die...

####### ......#
.# ...... ..#
≈≈~.##..#
####≈~....
#>.#≈~..#
#..'≈~.# #..'~o.#
# #..@§~.######.
#.~#∩.#≈{........
#.≈####≈~..#####.
#.~~~~~g(..#
.........o.#
####......#
#.##☼°.####
#.....~### .# ..
###.###....# .#..


You could see an orc warrior (confused), an orc and a goblin (confused).

Vanquished Creatures
  2 orc warriors
  A sky beast (D:7)
  A black bear (D:3)
  2 ogres
  A centaur (D:6)
  3 bullfrogs
  5 scorpions
  A howler monkey (D:5)
  A jelly (D:6)
  2 bombardier beetles
  A gnoll bouda (D:4)
  4 orc priests
  3 hounds
  3 sleepcaps
  3 iguanas
  4 orc wizards
  7 gnolls
  10 adders
  5 white imps
  2 ufetubi (D:5)
  2 dart slugs
  2 ribbon worms (D:2)
  29 orcs
  5 endoplasms
  2 giant cockroaches
  6 goblins
  6 hobgoblins
  5 jackals
  5 kobolds
  5 quokkas
  7 ball pythons
  3 bats
  5 frilled lizards
  6 rats
149 creatures vanquished.

Vanquished Creatures (collateral kills)
  An adder (D:5)
1 creature vanquished.

Grand Total: 150 creatures vanquished

Notes
Turn   | Place    | Note
-------+----------+-------------------------------------------
     0 | D:1      | pokeman the Deep Elf Hedge Wizard began the quest for the
                  | Orb.
     0 | D:1      | Reached XP level 1. HP: 10/10 MP: 7/7
   291 | D:1      | Reached XP level 2. HP: 15/15 MP: 6/9
   870 | D:2      | Found a white marble altar of Elyvilon.
   891 | D:2      | Reached skill level 5 in Spellcasting
   979 | D:2      | Reached XP level 3. HP: 15/20 MP: 4/11
   983 | D:2      | Learned a level 3 spell: Mephitic Cloud
   986 | D:2      | Learned a level 2 spell: Call Imp
   989 | D:2      | Learned a level 2 spell: Blink
  1050 | D:2      | HP: 1/20 [ribbon worm (4)]
  1498 | D:2      | Reached skill level 1 in Armour
  1503 | D:2      | Reached skill level 1 in Fighting
  1707 | D:2      | Reached XP level 4. HP: 25/25 MP: 7/13
  2377 | D:3      | Reached skill level 6 in Spellcasting
  2384 | D:3      | Reached XP level 5. HP: 29/29 MP: 5/15
  2692 | D:3      | Noticed a black bear
  2704 | D:3      | Killed a black bear
  2705 | D:3      | Reached skill level 1 in Fire Magic
  2705 | D:3      | Reached skill level 1 in Evocations
  3087 | D:4      | Reached skill level 1 in Air Magic
  3087 | D:4      | Reached skill level 1 in Alchemy
  3087 | D:4      | Reached XP level 6. HP: 26/34 MP: 7/17
  3114 | D:4      | Reached skill level 1 in Ice Magic
  3336 | D:4      | Reached skill level 7 in Spellcasting
  3919 | D:4      | Reached XP level 7. HP: 22/39 MP: 18/20
  4139 | D:5      | Entered Level 5 of the Dungeon
  4150 | D:5      | Found a staircase to the Ecumenical Temple.
  4188 | D:5      | Reached skill level 8 in Spellcasting
  4201 | Temple   | Entered the Ecumenical Temple
  4213 | Temple   | Became a worshipper of Vehumet
  4435 | D:5      | Identified the +6 sling of Mandamus {freeze, Str+4}
  4845 | D:5      | Reached XP level 8. HP: 45/45 MP: 20/22
  4908 | D:5      | Reached skill level 9 in Spellcasting
  6012 | D:6      | Reached * piety under Vehumet
  6012 | D:6      | Offered knowledge of Sandblast by Vehumet.
  6167 | D:6      | Reached skill level 5 in Conjurations
  6378 | D:6      | Reached skill level 10 in Spellcasting
  6873 | D:7      | Reached XP level 9. HP: 10/49 MP: 11/25
  6894 | D:7      | Found a flagged portal.
  6896 | D:7      | Killed from afar by an orc wizard

Illustrated notes

Levels and vault maps discovered:
D:1:      eino_arrival_water_cross, layout_rooms, minmay_misc_feat_ornament
D:2:      layout_loops_ring, basic_altar
D:3:      layout_basic, corexii_shack
D:4:      cheibrodos_old_hovel, layout_basic
D:5:      minmay_opposing_rooms, layout_loops_ring,
          minmay_temple_entry_statues_pillars
D:6:      layout_loops_corners, nicolae_elevator_lobby_asterisk
D:7:      layout_basic, enter_bailey_4
Temple:   nicolae_temple_bog_church

Skill      XL: |  1  2  3  4  5  6  7  8 |
---------------+-------------------------+-----
Spellcasting   | 5 6 7 8 10 | 10.7
Conjurations   | 2 3 4 5 |  5.6
Armour         | 1 2 |  2.8
Fighting       | 1 2 |  2.5
Stealth        | 3 |  3.0
Dodging        | 3 |  3.0
Fire Magic     | 1 |  1.0
Evocations     | 1 |  1.0
Air Magic      | 1 |  1.0
Alchemy        | 1 |  1.0
Ice Magic      | 2 3 4 |  4.8
Summonings     | |  1.1
Translocations | |  1.1

Action                     |  1- 3 |  4- 6 |  7- 9 || total
---------------------------+-------+-------+-------++-------
  Melee: Dagger            |    11 |    48 |       ||    59
         Whip              |       |    22 |    51 ||    73
   Fire: Sling             |       |       |    99 ||    99
   Cast: Magic Dart        |    98 |   124 |    80 ||   302
         Mephitic Cloud    |     1 |     7 |    22 ||    30
         Call Imp          |     1 |     1 |     2 ||     4
         Blink             |       |       |     3 ||     3
   Stab: Confused          |     2 |     8 |     4 ||    14
 Armour: Robe              |    15 |    33 |    71 ||   119
  Dodge: Dodged            |    22 |    33 |    81 ||   136

Table legend: (Time is in decaauts)
 A = Elapsed time spent in this place.
 B = Non-inter-level travel time spent in this place.
 C = Inter-level travel time spent in this place.
 D = Time resting spent in this place.
 E = Time spent auto-exploring this place.
 F = Levels seen in this place.
 G = Mean time per level.
                   A        B        C        D        E       F      G
               +--------+--------+--------+--------+--------+-----+--------+
         Total |   6941 |   6740 |    201 |    134 |   5541 |   8 |  867.6 |
       Dungeon |   6917 |   6726 |    191 |    134 |   5541 |   7 |  988.1 |
        Temple |     23 |     13 |     10 |      0 |      0 |   1 |   23.0 |
               +--------+--------+--------+--------+--------+-----+--------+

Top non-repeatable levels by time:
     D:5: 1312 daAuts
     D:2: 1286 daAuts
     D:6: 1154 daAuts
     D:4: 1081 daAuts
     D:3: 995 daAuts
     D:1: 775 daAuts
     D:7: 311 daAuts
  Temple: 23 daAuts
